 Dungeon Crawl Stone Soup version 0.21.1-1-g345015f (webtiles) character file.

984 infcreate the Chopper (level 7, -2/61 HPs)
             Began as a Minotaur Fighter on May 19, 2018.
             Killed from afar by a dream sheep (23 damage)
             ... with an exploding inner flame
             ... on level 6 of the Dungeon.
             The game lasted 00:17:42 (4036 turns).

infcreate the Chopper (Minotaur Fighter)            Turns: 4036, Time: 00:17:45

Health: -2/61      AC: 13    Str: 23    XL:     7   Next: 97%
Magic:  6/6        EV:  6    Int:  5    God:
Gold:   337        SH: 10    Dex:  9    Spells: 6/6 levels left

rFire    . . .     SeeInvis .   a - +0 war axe
rCold    . . .     Gourm    .   c - +0 shield
rNeg     . . .     Faith    .   x - +3 chain mail
rPois    .         Spirit   .   (helmet restricted)
rElec    .         Reflect  .   (no cloak)
rCorr    .         Harm     .   (no gloves)
MR       .....                  (no boots)
Stlth    ..........             (no amulet)
HPRegen  0.20/turn              u - ring of fire
MPRegen  0.10/turn              b - ring of ice

@: no status effects
A: retaliatory headbutt, horns 2
a: no special abilities


You were on level 6 of the Dungeon.
You were hungry.

You visited 1 branch of the dungeon, and saw 6 of its levels.

You collected 337 gold pieces.

Inventory:

Hand Weapons
 a - a +0 war axe (weapon)
Armour
 c - a +0 shield (worn)
 x - a +3 chain mail (worn)
Jewellery
 b - a ring of ice (right hand)
 u - a ring of fire (left hand)
Scrolls
 g - 3 scrolls of remove curse {unknown}
 i - 8 scrolls of identify {unknown}
 j - 6 scrolls of teleportation {unknown}
 l - 2 scrolls of fear {unknown}
 n - a scroll of enchant weapon {unknown}
 t - a scroll of enchant armour {unknown}
 v - a scroll of random uselessness {unknown}
 w - 2 scrolls of amnesia {unknown}
 y - a scroll of holy word {unknown}
Potions
 d - 3 potions of might
 e - 2 potions of berserk rage {unknown}
 h - 2 potions of curing {unknown}
 k - 2 potions of cancellation {unknown}
 m - a potion of resistance {unknown}
 o - a potion of invisibility {unknown}
 p - 2 potions of mutation {unknown}
 q - a potion of haste {unknown}
 r - 2 potions of agility {unknown}
 s - a potion of magic {unknown}
Comestibles
 f - 10 rations


   Skills:
 + Level 5.6 Fighting
 + Level 7.8 Axes
 + Level 6.2 Armour
 + Level 5.8 Shields


You had 6 spell levels left.
You didn't know any spells.

Dungeon Overview and Level Annotations

Branches:
Dungeon (6/15)
 Temple: D:4-7

Altars:
Makhleb
Wu Jian
Xom
Zin


Innate Abilities, Weirdness & Mutations

You reflexively headbutt those who attack you in melee.
You have a pair of horns on your head.


Message History

The dream sheep burns!
The dream sheep explodes!
The dream sheep burns! x4
The dream sheep bleats!
The dream sheep bites you but does no damage.
The dream sheep bleats! x3
You hit the dream sheep but do no damage.
Your attack snaps the dream sheep out of its fear.
The dream sheep explodes!
The fiery explosion engulfs the dream sheep.
The dream sheep explodes!
The fiery explosion engulfs the dream sheep.
The dream sheep explodes!
The fiery explosion engulfs you!
The fiery explosion engulfs the dream sheep.
The dream sheep explodes!
The fiery explosion engulfs you!
Ouch! That really hurt!
The fiery explosion engulfs you!
You die...

#.........#
#.....#..#
#.%%%.....#
#........#
#.........#
#..##.#..#
#.........#
#........#
#...._..%.#
#.###.#.#.
#..§§§....#
#.##<.#.#
#...§§§§§.#
#.##..# .
#...§%§§§.#
#....<# ##
#...§§@§§.#
#######
#.#####§§.#
#........##
#######.##
#.# #.# #.#
#.# #.#


There were no monsters in sight!

Vanquished Creatures
  A sky beast (D:5)
  An ogre (D:4)
  2 centaurs (D:5)
  A howler monkey (D:6)
  4 orc wizards
  An orc priest (D:5)
  A hound (D:5)
  A bullfrog skeleton (D:4)
  An iguana (D:5)
  4 worker ants
  A killer bee zombie (D:5)
  A hound zombie (D:6)
  A howler monkey skeleton (D:5)
  A worker ant zombie (D:5)
  6 gnolls
  6 adders
  An adder skeleton (D:5)
  5 worms (D:2)
  4 leopard geckos
  15 orcs
  8 bats
  A giant cockroach (D:1)
  9 goblins
  7 hobgoblins
  5 jackals
  A quokka (D:2)
  2 ball pythons
  3 frilled lizards
  14 kobolds
  2 leopard gecko skeletons (D:4)
  2 quokka skeletons
  18 rats
130 creatures vanquished.

Vanquished Creatures (others)
  3 dream sheep (D:6)
3 creatures vanquished.

Grand Total: 133 creatures vanquished

Notes
Turn   | Place    | Note
-------+----------+-------------------------------------------
     0 | D:1      | infcreate the Minotaur Fighter began the quest for the Orb.
     0 | D:1      | Reached XP level 1. HP: 19/19 MP: 0/0
   145 | D:1      | Reached XP level 2. HP: 26/27 MP: 1/1
   662 | D:1      | Reached XP level 3. HP: 33/33 MP: 2/2
   907 | D:2      | Reached skill level 3 in Axes
  1426 | D:2      | Reached XP level 4. HP: 38/41 MP: 3/3
  1691 | D:2      | Found a burning altar of Makhleb.
  2091 | D:3      | Reached skill level 4 in Axes
  2106 | D:3      | Reached XP level 5. HP: 47/47 MP: 4/4
  2655 | D:4      | Reached skill level 5 in Axes
  2655 | D:4      | Reached skill level 5 in Armour
  2655 | D:4      | Reached XP level 6. HP: 53/53 MP: 5/5
  2831 | D:4      | Reached skill level 5 in Shields
  2912 | D:4      | Found a glowing silver altar of Zin.
  2933 | D:4      | Found an ornate altar of the Wu Jian Council.
  3206 | D:5      | Entered Level 5 of the Dungeon
  3241 | D:5      | Reached skill level 5 in Fighting
  3241 | D:5      | Reached skill level 6 in Axes
  3252 | D:5      | Reached XP level 7. HP: 50/61 MP: 6/6
  3490 | D:5      | Reached skill level 7 in Axes
  4031 | D:6      | Found a shimmering altar of Xom.
  4031 | D:6      | Noticed a dream sheep
  4031 | D:6      | Noticed a dream sheep
  4031 | D:6      | Noticed a dream sheep
  4031 | D:6      | Noticed a dream sheep
  4031 | D:6      | Noticed a dream sheep
  4035 | D:6      | Killed a dream sheep
  4036 | D:6      | Killed a dream sheep
  4036 | D:6      | Killed a dream sheep
  4036 | D:6      | Killed a dream sheep
  4036 | D:6      | Killed a dream sheep
  4036 | D:6      | Killed from afar by a dream sheep

Skill      XL: |  1  2  3  4  5  6  7 |
---------------+----------------------+-----
Armour         | 4 5 6 |  6.2
Fighting       | 4 5 |  5.6
Shields        | 4 5 |  5.8
Axes           | 3 4 5 6 7 |  7.8

Action                   |  1- 3 |  4- 6 |  7- 9 || total
-------------------------+-------+-------+-------++-------
Melee: War axe           |   131 |   150 |    73 ||   354
       Headbutt          |    22 |    30 |    15 ||    67
  Eat: Chunk             |     2 |     6 |     2 ||    10
Armor: Scale mail        |    40 |    75 |    10 ||   125
       Chain mail        |       |       |    15 ||    15
Dodge: Dodged            |    40 |    42 |    13 ||    95
Block: Shield            |    76 |    67 |    30 ||   173
